 Dungeon Crawl Stone Soup version 0.23.2-1-ga50397a (webtiles) character file.

Game seed: 4981448221008026568

121 schauveau the Cudgeler (level 5, -8/32 HPs)
             Began as a Gargoyle Gladiator on Apr 27, 2019.
             Mangled by an orc priest
             ... wielding a +2 trident of distortion
              (18 damage)
             ... on level 3 of the Dungeon.
             The game lasted 00:03:14 (1839 turns).

schauveau the Cudgeler (Gargoyle Gladiator)         Turns: 1839, Time: 00:03:15

Health: -8/32      AC: 18    Str: 19    XL:     5   Next: 5%
Magic:  5/5        EV:  8    Int:  8    God:
Gold:   148        SH:  0    Dex: 11    Spells: 4/4 levels left

rFire    . . .     SeeInvis .   a - +0 flail
rCold    . . .     Gourm    .   (no shield)
rNeg     + . .     Faith    .   o - +0 chain mail
rPois    ∞         Spirit   .   c - +0 helmet
rElec    +         Reflect  .   (no cloak)
rCorr    .         Harm     .   (no gloves)
MR       .....                  (no boots)
Stlth    ..........             (no amulet)
HPRegen  0.10/turn              l - +5 ring of protection
MPRegen  0.09/turn              (no ring)

@: no status effects
A: negative energy resistance 1, electricity resistance, unbreathing,
petrification resistance, rot immunity, AC +4
a: no special abilities


You were on level 3 of the Dungeon.
You were not hungry.

You visited 1 branch of the dungeon, and saw 3 of its levels.

You collected 148 gold pieces.

Inventory:

Hand Weapons
 a - a +0 flail (weapon)
Missiles
 d - 3 throwing nets (quivered)
 m - 52 sling bullets
 q - 49 stones
Armour
 c - a +0 helmet (worn)
 o - a +0 chain mail (worn)
Jewellery
 l - a +5 ring of protection (left hand)
 t - an uncursed ring of wizardry
Scrolls
 g - a scroll of enchant armour {unknown}
 h - 3 scrolls of remove curse {unknown}
 j - 2 scrolls of random uselessness {unknown}
 k - a scroll of amnesia {unknown}
 n - a scroll of fog {unknown}
 p - a scroll of immolation {unknown}
 v - a scroll of identify {unknown}
Potions
 e - 3 potions of might {unknown}
 i - 2 potions of curing {unknown}
 r - a potion of degeneration {unknown}
 s - a potion of ambrosia {unknown}
 u - a potion of agility {unknown}
Comestibles
 b - 5 chunks of flesh
 f - 5 rations


   Skills:
 + Level 3.3 Fighting
 * Level 4.4 Maces & Flails
 - Level 1.7 Throwing
 + Level 2.2 Armour
 - Level 2.4 Dodging


You had 4 spell levels left.
You didn't know any spells.
Your spell library was empty.

Dungeon Overview and Level Annotations

Branches:
Dungeon (3/15)

Altars:
Ashenzari


Innate Abilities, Weirdness & Mutations

You are resistant to torment.
Your stone body is resilient. (AC +4)
You are immune to poison.
You resist negative energy. (rN+)
You are resistant to electric shocks. (rElec)
You can survive without breathing.
You are immune to petrification.
You are immune to rotting.


Message History

The orc hits you but does no damage.
The orc priest hits you but does no damage.
Space bends around you. The orc hits you but does no damage.
Things that are here:
a +0 flail; a +0 ring mail The orc priest barely misses you.
The orc hits you but does no damage.
You hit the orc priest but do no damage.
The orc priest barely misses you. The orc hits you but does no damage.
Your chain mail prevents you from hitting the orc priest.
The orc priest hits you but does no damage.
Space bends around you. The orc hits you but does no damage.
You hit the orc priest but do no damage.
The orc priest casts a cantrip, but nothing happens.
The orc hits you but does no damage.
You sock the orc priest!
The orc priest is heavily wounded.
The orc priest hits you but does no damage.
Space warps horribly around you!!
Ouch! That really hurt!
You die...

.)...# #.# #### o...#
####.# $... ...# #.....
...# o.# #.##.# ... #.#
#.##.# . # #.# #.##.# #
..#####.#####.##.#########
#
.............)o...........
..#####......@o....>#####
#..####.#)..#.### #..#
#.#<[.....# #..#
#####.#.#.# #..# ###.#.#
#..# #.... #..# #.#.##
#..# #.#.# #..# #.#.#


You could see an orc priest and an orc.

Vanquished Creatures
  An orc wizard (D:3)
  4 adders
  A leopard gecko (D:2)
  6 orcs
  4 bats
  3 giant cockroaches
  6 goblins
  7 hobgoblins
  8 jackals
  A quokka (D:2)
  2 frilled lizards
  4 kobolds
  4 rats
51 creatures vanquished.

Notes
Turn   | Place    | Note
-------+----------+-------------------------------------------
     0 | D:1      | schauveau the Gargoyle Gladiator began the quest for the
                  | Orb.
     0 | D:1      | Reached XP level 1. HP: 12/12 MP: 1/1
    58 | D:1      | Reached XP level 2. HP: 13/18 MP: 2/2
   529 | D:1      | Reached skill level 1 in Armour
   804 | D:1      | Reached XP level 3. HP: 22/22 MP: 3/3
  1069 | D:2      | Found a shattered altar of Ashenzari.
  1092 | D:2      | Reached skill level 4 in Maces & Flails
  1092 | D:2      | Reached XP level 4. HP: 24/27 MP: 4/4
  1758 | D:3      | Reached XP level 5. HP: 19/32 MP: 5/5
  1839 | D:3      | Mangled by an orc priest

Skill      XL: |  1  2  3  4 |
---------------+-------------+-----
Armour         | 1 2 |  2.2
Maces & Flails | 4 |  4.4
Fighting       | 3 |  3.3
Throwing       | |  1.7
Dodging        | |  2.4

Action                   |  1- 3 |  4- 6 || total
-------------------------+-------+-------++-------
Melee: Flail             |   116 |    77 ||   193
  Eat: Chunk             |     1 |     1 ||     2
       Ration            |       |     1 ||     1
Armor: Leather armour    |    22 |       ||    22
       Ring mail         |     8 |       ||     8
       Chain mail        |    48 |   106 ||   154
Dodge: Dodged            |    77 |    38 ||   115
